 Dungeon Crawl Stone Soup version 0.30-a0-1008-g30c9307041 (webtiles) character file.

Game seed: 16347952897991966337

5 Maxmaps the Insei (level 1, -2/18 HPs)
             Began as a Demonspawn Monk on Apr 5, 2023.
             Slain by a quokka (4 damage)
             ... on level 1 of the Dungeon.
             The game lasted 00:00:19 (180 turns).

Maxmaps the Insei (Demonspawn Monk)                  Turns: 180, Time: 00:00:20

Health: -2/18      AC:  2    Str: 11    XL:     1   Next: 66%
Magic:  1/1        EV: 12    Int: 11    God:
Gold:   0          SH:  0    Dex: 15    Spells: 0/0 levels left

rFire   . . .      SeeInvis .      - Unarmed
rCold   . . .      Faith    .    (no shield)
rNeg    . . .      Spirit   .    a - +0 robe
rPois   .          Reflect  .    (no helmet)
rElec   .          Rampage  .    (no cloak)
rCorr   .                        (no gloves)
Will    .....                    (no boots)
Stlth   ++                       (no amulet)
HPRegen 0.23/turn                (no ring)
MPRegen 0.07/turn                (no ring)

@: no status effects
A: no striking features
a: no special abilities


You were on level 1 of the Dungeon.
You visited 1 branch of the dungeon, and saw 1 of its levels.

Inventory:

Armour
 a - a +0 robe (worn)
Potions
 b - a potion of ambrosia
 c - a potion of curing {unknown}


   Skills:
 - Level 3.0 Fighting
 + Level 2.6 Dodging
 - Level 1.7 Stealth
 - Level 3.1 Unarmed Combat


You couldn't memorise any spells.
You didn't know any spells.
Your spell library was empty.

Dungeon Overview and Level Annotations

Branches:
Dungeon (1/15)

Altars:


Message History

No target in view!
No target in view!
No target in view!
No target in view!
No target in view!
A rat comes into view.
Found a stone staircase leading down.
A rat is nearby!
A rat is nearby!
A hobgoblin comes into view.
A quokka comes into view.
The hobgoblin shouts!
The rat bites you but does no damage.
You barely miss the hobgoblin. The hobgoblin hits you. The rat bites you.
You barely miss the hobgoblin. The rat misses you.
The hobgoblin closely misses you. The quokka barely misses you.
You barely miss the quokka.
The rat twitches its whiskers.
The rat bites you. The quokka bites you. The hobgoblin misses you.
You are too injured to fight recklessly!
You are too injured to fight recklessly!
You are too injured to fight recklessly!
There are monsters nearby!
You are too injured to fight recklessly!
The quokka misses you. The quokka bites you.
The quokka attacks as you move away! The quokka misses you.
The quokka attacks as you move away! The quokka misses you.
The quokka closely misses you. The quokka attacks as you move away!
The quokka bites you. The quokka closely misses you.
The quokka attacks as you move away! The quokka closely misses you.
The quokka attacks as you move away! The quokka bites you.
* * * LOW HITPOINT WARNING * * *
The quokka barely misses you. The quokka attacks as you move away!
The quokka closely misses you. The quokka bites you.
* * * LOW HITPOINT WARNING * * *
You hit the quokka but do no damage. The quokka bites you.
You die...

#.......##..###.<##..##..
#......###..###.##..###..
##......###...##.....##...
#........##....#######....
#........###....####......
#........# ##............#
##........## ####......####
#....>.....# ########
#.........@####### ######
####..####.r.....###.....
#.......##.r..........#####
######.......##..g..............
#............##.................
#............##...........#.....
##.....####......>...............
.......†....................†....
.................................


You could see a quokka, a hobgoblin and a rat.

Vanquished Creatures
  A dart slug (D:1)
  A hobgoblin (D:1)
  2 rats (D:1)
4 creatures vanquished.

Notes
Turn   | Place    | Note
-------+----------+-------------------------------------------
     0 | D:1      | Maxmaps the Demonspawn Monk began the quest for the Orb.
     0 | D:1      | Reached XP level 1. HP: 18/18 MP: 1/1
   180 | D:1      | Slain by a quokka

Illustrated notes

Levels and vault maps discovered:
D:1:      dpeg_arrival_snail, layout_basic

Skill      XL: |  1 |
---------------+----+-----
Unarmed Combat | 3 |  3.1
Fighting       | |  3.0
Dodging        | |  2.6
Stealth        | |  1.7

Action                     || total
---------------------------++-------
  Melee: Unarmed           ||    20
 Armour: Robe              ||     3
  Dodge: Dodged            ||    20

Table legend: (Time is in decaauts)
 A = Elapsed time spent in this place.
 B = Non-inter-level travel time spent in this place.
 C = Inter-level travel time spent in this place.
 D = Time resting spent in this place.
 E = Time spent auto-exploring this place.
 F = Levels seen in this place.
 G = Mean time per level.
                   A        B        C        D        E       F      G
               +--------+--------+--------+--------+--------+-----+--------+
         Total |    179 |    179 |      0 |      0 |    112 |   1 |  179.0 |
       Dungeon |    179 |    179 |      0 |      0 |    112 |   1 |  179.0 |
               +--------+--------+--------+--------+--------+-----+--------+

Top non-repeatable levels by time:
     D:1: 179 daAuts
